 Dungeon Crawl Stone Soup version 0.18.1-48-g4cf74bf (webtiles) character file.

921 WarriorsX the Covered (level 8, 0/62 HPs)
             Began as a Human Fighter on July 30, 2016.
             Succumbed to a water moccasin's poison
             ... on level 5 of the Dungeon.
             The game lasted 00:20:01 (5703 turns).

WarriorsX the Covered (Human Fighter)               Turns: 5703, Time: 00:20:02

Health: 0/62       AC: 10    Str: 18    XL:     8   Next: 31%
Magic:  8/8        EV:  5    Int:  9    God:
Gold:   200        SH:  9    Dex: 13    Spells: 0 memorised, 7 levels left

rFire  . . .     SeeInvis .     a - +0 long sword
rCold  . . .     Gourm    .     b - +0 chain mail (curse)
rNeg   . . .     Faith    .     c - +0 shield
rPois  .         Spirit   .     (no helmet)
rElec  .         Dismiss  .     (no cloak)
rCorr  .         Reflect  .     (no gloves)
SustAt .         Harm     .     (no boots)
MR     .....                    (no amulet)
Stlth  ..........               (no ring)
                                (no ring)

@: lethally poisoned (0 -> -2), not resistant to hostile enchantments, extremely
unstealthy
A: no striking features
a: no special abilities


You were on level 5 of the Dungeon.
You were full.

You visited 1 branch of the dungeon, and saw 6 of its levels.

You collected 200 gold pieces.

Inventory:

Hand Weapons
 a - a +0 long sword (weapon)
 g - a +0 whip of venom
 o - a +0 falchion
Armour
 b - a cursed +0 chain mail (worn)
 c - a +0 shield (worn)
Wands
 h - a wand of lightning (8/15)
Scrolls
 i - 3 scrolls of random uselessness
 m - a scroll of magic mapping
 p - a scroll of recharging
 q - 3 scrolls of identify
Potions
 d - 3 potions of might
 e - a potion of brilliance
Books
 n - a book of Conjurations

   Spells                             Type                      Level
   a - Magic Dart                     Conjuration                  1
   b - Searing Ray                    Conjuration                  2
   c - Dazzling Spray                 Conjuration/Hexes            3
   d - Fulminant Prism                Conjuration/Hexes            4
   e - Iskenderun's Mystic Blast      Conjuration                  4
   f - Iskenderun's Battlesphere      Conjuration/Charms           5
Comestibles
 f - 3 bread rations
 k - a slice of pizza
 l - 2 beef jerkies
 r - 2 fruits
 t - a meat ration


   Skills:
 - Level 5.0 Fighting
 - Level 6.0 Long Blades
 + Level 6.3 Armour
 - Level 3.0 Shields
 - Level 0.2 Evocations


You had 7 spell levels left.
You didn't know any spells.

Dungeon Overview and Level Annotations

Branches:
Dungeon (6/15)
 Temple: D:4-7

Altars:
Fedhas

Annotations:
D:3 WarriorsX's ghost, amateur HuFi
D:4 YrmMerkstave's ghost, amateur DrWz


Message History

* * * LOW HITPOINT WARNING * * *
The jelly is severely wounded.
The jelly hits you but does no damage.
* * * LOW HITPOINT WARNING * * *
You feel sick.
There is a stone staircase leading down here.
Drink which item? (? for menu, Esc to quit)
Okay, then.
There is a lethal amount of poison in your body!
Zapping:
h - a wand of lightning (9/15)
Press: ? - help, Shift-Dir - straight line, f - jelly
Aim: a jelly (severely wounded)
You hear a mighty clap of thunder!
The bolt of lightning hits the jelly.
You kill the jelly!
This wand has 8 charges left.
You hear a shout! x3
Drink which item? (? for menu, Esc to quit)
Okay, then.
You die...

####### ########
#.....# #..<...#
#.....# #......#
#.....#### #......#
#.......# #......#
#.......# #......#
#...>...# #@)....#
#.......# ##).....#
...........##.)......#
##.#....S..#..#......#
.. #.....J...####.####
# #...g....#####.#
#............#.#
#......<### ..
#..####.# #


There were no monsters in sight!

Vanquished Creatures
  A water moccasin (D:5)
  An ogre (D:3)
  A giant frog (D:6)
  A scorpion (D:4)
  2 hounds (D:4)
  A jelly (D:5)
  3 orc wizards
  2 gnoll shamans (D:4)
  Jessica (D:3)
  A worker ant (D:4)
  19 gnolls
  4 adders
  An ooze (D:3)
  4 worms
  4 dart slugs
  2 giant geckos (D:3)
  6 orcs
  7 giant cockroaches
  14 hobgoblins
  6 jackals
  5 kobolds
  3 quokkas
  2 ball pythons
  9 bats
  A giant gecko skeleton (D:4)
  8 giant newts
  7 goblins
  13 rats
  A bush (D:1)
130 creatures vanquished.

Notes
Turn   | Place    | Note
--------------------------------------------------------------
     0 | D:1      | WarriorsX the Human Fighter began the quest for the Orb.
     0 | D:1      | Reached XP level 1. HP: 18/18 MP: 1/1
   209 | D:1      | Reached XP level 2. HP: 22/24 MP: 2/2
   680 | D:2      | Reached XP level 3. HP: 29/29 MP: 3/3
  1277 | D:2      | Reached XP level 4. HP: 23/35 MP: 4/4
  1477 | D:2      | Found a blossoming altar of Fedhas.
  1597 | D:3      | Noticed an ogre
  1601 | D:3      | Killed an ogre
  1601 | D:3      | Reached skill level 5 in Long Blades
  1601 | D:3      | Reached XP level 5. HP: 41/41 MP: 5/5
  1821 | D:3      | Noticed WarriorsX's ghost (amateur HuFi)
  1898 | D:4      | Reached XP level 6. HP: 14/47 MP: 6/6
  2640 | D:4      | Reached XP level 7. HP: 29/55 MP: 7/7
  3230 | D:3      | Noticed Jessica
  3240 | D:3      | Killed Jessica
  3511 | D:3      | Reached skill level 5 in Fighting
  5251 | D:4      | Noticed YrmMerkstave's ghost (amateur DrWz)
  5324 | D:4      | Reached skill level 5 in Armour
  5355 | D:5      | Entered Level 5 of the Dungeon
  5355 | D:5      | Noticed a water moccasin
  5378 | D:6      | Reached XP level 8. HP: 10/62 MP: 8/8
  5700 | D:5      | HP: 1/62 [acid (4)]
  5703 | D:5      | Succumbed to a water moccasin's poison

Skill      XL: |  1  2  3  4  5  6  7  8 |
---------------+-------------------------+-----
Long Blades    | 3 5 6 |  6.0
Fighting       | 4 5 |  5.0
Armour         | 5 6 |  6.3
Shields        | |  3.0
Evocations     | |  0.2

Action                   |  1- 3 |  4- 6 |  7- 9 || total
-------------------------+-------+-------+-------++-------
Melee: Long sword        |   156 |   180 |   304 ||   640
Evoke: Wand              |       |     3 |     1 ||     4
  Use: Scroll            |     5 |     1 |     3 ||     9
       Potion            |     2 |     1 |     1 ||     4
 Stab: Invisible         |     1 |       |       ||     1
  Eat: Chunk             |     2 |     4 |    10 ||    16
       Meat ration       |       |       |     1 ||     1
Armor: Scale mail        |    42 |    66 |    18 ||   126
       Chain mail        |       |       |   110 ||   110
Dodge: Dodged            |    44 |    65 |    54 ||   163
Block: Shield            |    47 |    82 |   139 ||   268
